 Dungeon Crawl Stone Soup version 0.27-a0-170-g607d9e9d85 (webtiles) character file.

Game seed: 5171717505751142777

41 Xavori the Cutter (level 3, 0/26 HPs)
             Began as an Octopode Chaos Knight on Jan 29, 2021.
             Was a Plaything of Xom.
             Slain by a goblin
             ... wielding a +0 club
              (5 damage)
             ... on level 2 of the Dungeon.
             The game lasted 00:01:04 (1094 turns).

Xavori the Cutter (Octopode Chaos Knight)           Turns: 1094, Time: 00:01:05

Health: 0/26       AC:  1    Str: 12    XL:     3   Next: 52%
Magic:  3/3        EV:  9    Int: 10    God:    Xom [..*...]
Gold:   98         SH: 10    Dex: 11    Spells: 2/2 levels left

rFire    . . .     SeeInvis .   a - +0 short sword (chaos)
rCold    . . .     Faith    .   f - +0 tower shield
rNeg     . . .     Spirit   .   (helmet restricted)
rPois    .         Reflect  .   (no amulet)
rElec    .         Harm     .   h - -4 ring of intelligence (curse)
rCorr    .         Rampage  .   (no ring)
Will     .....                  (no ring)
Stlth    +++.......             (no ring)
HPRegen  0.08/turn              (no ring)
MPRegen  0.08/turn              (no ring)
                                (no ring)
                                (no ring)

@: no status effects
A: almost no armour, stealthy swim, amphibious, 8 rings, constrict 8, camouflage
1, gelatinous body 1
a: Renounce Religion


You were on level 2 of the Dungeon.
You worshipped Xom.
You were a toy of Xom.
You visited 1 branch of the dungeon, and saw 2 of its levels.

You collected 98 gold pieces.

Inventory:

Hand Weapons
 a - a +0 short sword of chaos (weapon)
Armour
 f - a +0 tower shield (worn)
Jewellery
 h - a cursed -4 ring of intelligence (left tentacle)
Scrolls
 c - 4 scrolls of identify
 d - a scroll of blinking {unknown}
 e - a scroll of enchant weapon {unknown}
 k - a scroll of teleportation {unknown}
 l - a scroll of magic mapping {unknown}
 m - a scroll of noise {unknown}
Potions
 b - a potion of flight
 g - 2 potions of curing {unknown}
 i - a potion of degeneration {unknown}
 j - a potion of lignification {unknown}


   Skills:
 + Level 3.3 Fighting
 + Level 3.4 Short Blades
 + Level 2.8 Dodging
 * Level 1.7 Stealth
 * Level 0.4 Shields


You had 2 spell levels left.
You didn't know any spells.
Your spell library was empty.

Dungeon Overview and Level Annotations

Branches:
Dungeon (2/15)

Altars:

Annotations:
D:2 Robin


Innate Abilities, Weirdness & Mutations

You cannot wear most types of armour.
You are very stealthy in the water. (Stealth+)
You are amphibious.
You can wear up to eight rings at the same time.
You can use your tentacles to constrict eight enemies at once.
Your skin changes colour to match your surroundings (Stealth+).
Your rubbery body absorbs attacks. (AC +1, EV +1)


Message History

Unknown command.
You hit the goblin. You freeze the goblin.
You kill the goblin!
Robin roars a battlecry!
The goblins go into a battle-frenzy!
The hobgoblin closely misses you. You block the goblin's attack.
Robin throws the goblin at you! The goblin closely misses you.
You miss the goblin. Your grab misses the goblin.
You block the hobgoblin's attack. You block the goblin's attack.
The goblin hits you with a +0 club. The goblin hits you.
* * * LOW HITPOINT WARNING * * *
The hobgoblin hits you with a +0 club.
* * * LOW HITPOINT WARNING * * *
A goblin comes into view.
The hobgoblin barely misses you.
A rat comes into view.
The goblin barely misses you. The goblin hits you with a +0 club.
You die...
Xom giggles madly!

##### ##....###########
##...............#
........########)##
.....gggg######...###
...g.gg.@...........#####
....g.gr#######...#.#..#.
r##g#..(# ##.##.#..#. #
#<..# #.##...... .....#
............ ###...#
.##......... #...#
#######..# #...# ####


You could see Robin, 3 hobgoblins, 6 goblins and a rat.

Vanquished Creatures
  A worm (D:2)
  A leopard gecko (D:2)
  A giant cockroach (D:1)
  7 hobgoblins
  3 jackals (D:1)
  4 kobolds (D:1)
  6 bats (D:1)
  4 frilled lizards (D:2)
  5 goblins
  3 rats (D:1)
35 creatures vanquished.

Notes
Turn   | Place    | Note
-------+----------+-------------------------------------------
     0 | D:1      | Xavori the Octopode Chaos Knight began the quest for the
                  | Orb.
     0 | D:1      | Reached XP level 1. HP: 16/16 MP: 1/1
   189 | D:1      | Reached XP level 2. HP: 21/21 MP: 2/2
   230 | D:1      | Reached skill level 1 in Stealth
   750 | D:1      | Reached XP level 3. HP: 26/26 MP: 3/3
  1089 | D:2      | Noticed Robin
  1094 | D:2      | Slain by a goblin

Illustrated notes

Levels and vault maps discovered:
D:1:      scummos_arrival_simple_crosswalls, layout_basic
D:2:      layout_loops_ring, nicolae_overflow_hidden_temple, uniq_robin

Skill      XL: |  1  2 |
---------------+-------+-----
Stealth        | 1 |  1.7
Fighting       | |  3.3
Short Blades   | |  3.4
Dodging        | |  2.8
Shields        | |  0.4

Action                   || total
-------------------------++-------
Melee: Short sword       ||    67
       Tentacles         ||     6
       Constrict         ||    12
  Use: Scroll            ||     1
 Stab: Sleeping          ||     5
       Paralysed         ||     1
Armor: Skin              ||     9
Dodge: Dodged            ||    35
Block: Tower shield      ||    32

Table legend: (Time is in decaauts)
 A = Elapsed time spent in this place.
 B = Non-inter-level travel time spent in this place.
 C = Inter-level travel time spent in this place.
 D = Time resting spent in this place.
 E = Time spent auto-exploring this place.
 F = Levels seen in this place.
 G = Mean time per level.
                   A        B        C        D        E       F      G
               +--------+--------+--------+--------+--------+-----+--------+
         Total |   1116 |   1080 |     36 |    163 |    680 |   2 |  558.0 |
       Dungeon |   1116 |   1080 |     36 |    163 |    680 |   2 |  558.0 |
               +--------+--------+--------+--------+--------+-----+--------+

Top non-repeatable levels by time:
     D:1: 825 daAuts
     D:2: 291 daAuts
